 Dungeon Crawl Stone Soup version 0.24.0-13-gcf9b3192b9 (webtiles) character file.

Game seed: 3434331116502005447, levelgen mode: deterministic

541 roguesci the Cudgeler (level 7, 0/44 HPs)
             Began as a Gargoyle Fighter on Nov 8, 2019.
             Was a Believer of Uskayaw.
             Slain by an ogre
             ... wielding a +0 giant club
              (17 damage)
             ... on level 5 of the Dungeon.
             The game lasted 00:08:21 (4003 turns).

roguesci the Cudgeler (Gargoyle Fighter)            Turns: 4003, Time: 00:08:21

Health: 0/44       AC: 21    Str: 21    XL:     7   Next: 26%
Magic:  7/7        EV:  7    Int:  9    God:    Uskayaw [**....]
Gold:   220        SH:  9    Dex:  9    Spells: 6/6 levels left

rFire    . . .     SeeInvis .   g - +1 mace (protect)
rCold    . . .     Gourm    .   c - +0 shield
rNeg     + + .     Faith    .   b - +0 scale mail
rPois    ∞         Spirit   .   (no helmet)
rElec    +         Reflect  .   (no cloak)
rCorr    .         Harm     .   n - +0 pair of gloves
MR       .....                  j - +0 pair of boots
Stlth    ..........             (no amulet)
HPRegen  0.14/turn              q - ring of positive energy
MPRegen  0.10/turn              (no ring)

@: protection aura
A: negative energy resistance 1, electricity resistance, unbreathing,
petrification resistance, rot immunity, AC +4
a: Stomp, Line Pass, Renounce Religion


You were on level 5 of the Dungeon.
You worshipped Uskayaw.
Uskayaw was noncommittal.
You were not hungry.

You visited 2 branches of the dungeon, and saw 6 of its levels.

You collected 220 gold pieces.

Inventory:

Hand Weapons
 a - a +0 flail
 g - a +1 mace of protection (weapon)
Armour
 b - a +0 scale mail (worn)
 c - a +0 shield (worn)
 j - a +0 pair of boots (worn)
 n - a +0 pair of gloves (worn)
Jewellery
 q - a ring of positive energy (left hand)
 s - an uncursed ring of ice
Wands
 t - a wand of disintegration (12)
Scrolls
 e - a scroll of noise {unknown}
 k - 7 scrolls of identify {unknown}
 m - 2 scrolls of amnesia {unknown}
 o - 3 scrolls of enchant weapon {unknown}
 p - 2 scrolls of remove curse {unknown}
 u - 2 scrolls of magic mapping {unknown}
Potions
 d - a potion of resistance {unknown}
 h - a potion of heal wounds {unknown}
 i - a potion of cancellation {unknown}
 l - a potion of brilliance
 r - a potion of mutation {unknown}
Comestibles
 f - 6 rations


   Skills:
 + Level 4.9 Fighting
 * Level 5.0 Maces & Flails
 + Level 4.9 Armour
 + Level 4.9 Shields


You had 6 spell levels left.
You didn't know any spells.
Your spell library was empty.

Dungeon Overview and Level Annotations

Branches:
Dungeon (5/15)             Temple (1/1) D:4

Altars:
Cheibriados
Elyvilon
Gozag
Kikubaaqudgha
Makhleb
Nemelex Xobeh
Okawaru
Qazlal
Ru
Sif Muna
Uskayaw
Vehumet
Wu Jian
Yredelemnul
The Shining One


Innate Abilities, Weirdness & Mutations

You are resistant to torment.
Your stone body is resilient. (AC +4)
You are immune to poison.
You resist negative energy. (rN+)
You are resistant to electric shocks. (rElec)
You can survive without breathing.
You are immune to petrification.
You are immune to rotting.


Message History

You are too injured to fight recklessly!
You are too injured to fight recklessly!
You are too injured to fight recklessly!
You closely miss the ogre.
The ogre is heavily wounded.
The ogre closely misses you.
You hit the ogre but do no damage.
The ogre is heavily wounded.
You block the ogre's attack.
You hit the ogre.
The ogre is heavily wounded.
The ogre hits you but does no damage.
You can now pass through a line of other dancers.
You hit the ogre.
The ogre is heavily wounded.
The ogre closely misses you.
You sock the ogre!
The ogre is almost dead.
The ogre hits you with a +0 giant club!
You die...

### .© #.# .#
#### #.? ..#
#....##.#####..#
........#......#
#.....O@....#
#.#######...#
#...<# #).#.#
#..#.# ##..#.#
#.....#
###.#####
#.....#


You could see an ogre.

Vanquished Creatures
  A phantom (D:5)
  A scorpion (D:4)
  An orc priest (D:3)
  A hound (D:4)
  2 orc wizards (D:3)
  3 worker ants
  3 gnolls (D:2)
  10 adders
  An ooze (D:1)
  2 worms
  3 dart slugs
  A leopard gecko (D:3)
  8 orcs (D:3)
  2 ball pythons (D:3)
  7 giant cockroaches
  8 goblins
  3 hobgoblins
  3 jackals (D:2)
  A quokka (D:4)
  6 bats
  4 frilled lizards
  9 kobolds
  5 rats
85 creatures vanquished.

Vanquished Creatures (others)
  4 toadstools (D:1)
4 creatures vanquished.

Grand Total: 89 creatures vanquished

Notes
Turn   | Place    | Note
-------+----------+-------------------------------------------
     0 | D:1      | roguesci the Gargoyle Fighter began the quest for the Orb.
     0 | D:1      | Reached XP level 1. HP: 14/14 MP: 1/1
   299 | D:1      | Reached XP level 2. HP: 19/19 MP: 2/2
   809 | D:2      | Reached XP level 3. HP: 21/23 MP: 3/3
  1239 | D:2      | Reached skill level 3 in Maces & Flails
  1239 | D:2      | Reached XP level 4. HP: 19/29 MP: 4/4
  2071 | D:3      | Reached XP level 5. HP: 33/33 MP: 5/5
  2512 | D:3      | Reached skill level 4 in Maces & Flails
  2575 | D:3      | Reached XP level 6. HP: 38/39 MP: 6/6
  3056 | D:4      | Found a staircase to the Ecumenical Temple.
  3069 | Temple   | Entered the Ecumenical Temple
  3274 | Temple   | Became a worshipper of Uskayaw the Reveler
  3416 | D:4      | Reached * piety under Uskayaw
  3525 | D:4      | Reached ** piety under Uskayaw
  3551 | D:4      | Found an opulent altar of Gozag.
  3902 | D:5      | Entered Level 5 of the Dungeon
  3913 | D:5      | Reached XP level 7. HP: 40/44 MP: 7/7
  3973 | D:5      | Reached skill level 5 in Maces & Flails
  4003 | D:5      | Slain by an ogre

Levels and vault maps discovered:
D:1:      ldierk_walled_garden_2, layout_rooms
D:2:      layout_rooms, first_ration
D:3:      layout_loops_cross, grunt_decor_resistance,
          chequers_serial_rivers_room_b
D:4:      layout_basic, temple_green, grunt_gozag_breadcrumbs
D:5:      layout_basic, gammafunk_ghost_stat_death
Temple:   regret_index_temple_generic_petals

Skill      XL: |  1  2  3  4  5  6  7 |
---------------+----------------------+-----
Maces & Flails | 3 4 5 |  5.0
Armour         | 4 |  4.9
Shields        | 4 |  4.9
Fighting       | 4 |  4.9

Action                   |  1- 3 |  4- 6 |  7- 9 || total
-------------------------+-------+-------+-------++-------
Melee: Flail             |   139 |   137 |       ||   276
       Mace              |       |   122 |    22 ||   144
  Use: Scroll            |     1 |       |       ||     1
       Potion            |       |     4 |       ||     4
  Eat: Chunk             |       |     8 |       ||     8
       Ration            |       |     1 |       ||     1
Armor: Scale mail        |    72 |   131 |     8 ||   211
Dodge: Dodged            |    51 |    75 |     7 ||   133
Block: Shield            |    74 |   132 |     3 ||   209
